 Seeded DCSS version 0.31-a0-1626-g5cb510d322 (webtiles) character file.

Game seed: 560841995258110699 (custom seed)

157465 Esekla the Eclecticist (level 18, -15/140 HPs)
             Began as a Formicid Necromancer on Jan 10, 2024.
             Was a High Priest of Vehumet.
             Shot with an arrow by a satyr (30 damage)
             ... on level 4 of the Shoals on Jan 13, 2024.
             The game lasted 04:30:52 (31628 turns).

Esekla the Eclecticist (Formicid Necromancer)      Turns: 31628, Time: 04:30:53

Health: -15/140    AC: 13    Str: 15    XL:     18   Next: 32%
Magic:  22/38      EV: 13    Int: 21    God:    Vehumet [*****.]
Gold:   1428       SH:  5    Dex: 14    Spells: 15/50 levels left

rFire   . . .        d - staff of death
rCold   . . .        (no shield)
rNeg    + . .        O - +0 troll leather armour
rPois   .            (helmet unavailable)
rElec   .            D - +0 cloak
rCorr   .            (no gloves)
SInv    +            P - +2 pair of boots {Fly}
Will    +....        G - amulet of reflection
Stlth   ++++         h - +4 ring of protection
HPRegen 1.23/turn    I - ring of wizardry
MPRegen 0.26/turn

%: reflection, wizardry (x1)
@: afraid, flying
A: permanent stasis, dig shafts and tunnels, antennae 3, four strong arms
a: Dig, Shaft Self, Renounce Religion


You were on level 4 of the Shoals.
You worshipped Vehumet.
Vehumet was extremely pleased with you.
You visited 6 branches of the dungeon, and saw 24 of its levels.
You also visited: Sewer, Bailey and Volcano.

You collected 3809 gold pieces.
You spent 2381 gold pieces at shops.

Inventory:

Hand Weapons
 c - a +1 scimitar of electrocution
 n - a +0 club
 r - the +9 lance "Wyrmbane" {slay drac, rPois rF+ rC+ AC+3}
   (You took it off Maggie on level 8 of the Dungeon)

   AC+3:      It affects your AC (+3).
   rF+:       It protects you from fire.
   rC+:       It protects you from cold.
   rPois:     It protects you from poison
 s - the +6 dagger of Jeidgharr {heavy, Dex+4}
   (You took it off a kobold on level 3 of the Dungeon)

   Dex+4:     It affects your dexterity (+4).
 F - a +2 vampiric glaive
Missiles
 b - a curare-tipped dart
 v - 15 javelins
 B - 50 boomerangs (quivered)
 C - 19 poisoned darts
 H - 7 silver javelins
Armour
 a - a +3 leather armour of fire resistance
 x - the +8 orange crystal plate armour {Archmagi, Int+3 Clar}
   (You bought it in a shop on level 2 of the Orcish Mines)

   Int+3:     It affects your intelligence (+3).
   Clar:      It protects you from confusion, rage, mesmerisation and fear.
 D - a +0 cloak (worn)
 L - a +2 leather armour of cold resistance
 O - a +0 troll leather armour (worn)
 P - a +2 pair of boots of flying (worn)
Magical Staves
 d - a staff of death (weapon)
Jewellery
 h - a +4 ring of protection (left hand)
 y - a ring of positive energy
 E - a ring of resist corrosion
 G - an amulet of reflection (around neck)
 I - a ring of wizardry (right hand)
 R - a ring of protection from fire
Wands
 l - a wand of digging (7)
 m - a wand of flame (8)
 t - a wand of acid (15)
 z - a wand of iceblast (11)
Scrolls
 f - a scroll of silence
 j - a scroll of fear
 k - 5 scrolls of revelation
 o - 2 scrolls of enchant weapon
 q - a scroll of enchant armour
 J - a scroll of butterflies
 M - 2 scrolls of poison
 U - a scroll of identify
Potions
 e - a potion of magic
 i - a potion of resistance
 p - 3 potions of curing
 u - 7 potions of might
 w - a potion of brilliance
 A - a potion of cancellation
 K - 3 potions of ambrosia
 N - 2 potions of attraction
 Q - a potion of mutation
 S - a potion of enlightenment
 T - 2 potions of experience


   Skills:
 * Level 12.0 Fighting
 + Level 1.4(1.5) Short Blades
 + Level 0.3(1.0) Long Blades
 + Level 2.1(7.6) Axes
 * Level 11.5(11.6) Polearms
 + Level 3.1 Throwing
 * Level 9.3 Armour
 + Level 5.0 Dodging
 + Level 7.9 Stealth
 * Level 5.5 Shields
 * Level 16.6 Spellcasting
 + Level 5.6 Conjurations
 * Level 8.2 Necromancy
 + Level 8.2 Fire Magic
 * Level 9.2 Ice Magic
 + Level 5.4 Air Magic
 + Level 9.7 Alchemy


You had 15 spell levels left.
You knew the following spells:

 Your Spells              Type           Power      Damage    Failure   Level
c - Mephitic Cloud        Conj/Alch/Air  46%        N/A       1%          3
d - Vampiric Draining     Necr           67%        2d10      1%          3
g - Ozocubu's Refrigerat  Ice            27%        4d13      8%          7
n - Ignite Poison         Fire/Alch      53%        N/A       1%          4
o - Scorch                Fire           100%       2d9       1%          2
r - Frozen Ramparts       Ice            100%       1d16      1%          3
u - Dispel Undead         Necr           67%        3d23      1%          4
y - Sticky Flame          Fire/Alch      53%        2d9       1%          4
z - Freezing Cloud        Conj/Ice/Air   23%        6-21      1%          5

Your spell library contained the following spells:

 Spells                   Type           Power      Damage    Failure   Level
 Eringya's Noxious Bog    Alch           27%        4d6       1%          6
 Necrotise                Necr           100%       1d9       1%          1
 Shock                    Conj/Air       100%       1d9       1%          1
 Cigotuvi's Dreadful Rot  Necr/Alch/Air  100%       N/A       1%          2
 Momentum Strike          Conj/Tloc      58%        3d9       1%          2
 Dazzling Flash           Conj/Hex       58%        N/A       1%          3
 Hailstorm                Conj/Ice       48%        3d10      1%          3
 Inner Flame              Hex/Fire       34%        N/A       1%          3
 Ozocubu's Armour         Ice            54%        N/A       1%          3
 Summon Ice Beast         Ice/Summ       36%        N/A       1%          3
 Airstrike                Air            20%        2d(3-19)  1%          4
 Animate Dead             Necr           67%        N/A       1%          4
 Curse of Agony           Necr           67%        N/A       1%          5
 Yara's Violent Unravell  Hex/Alch       19%        3d9       1%          5
 Lesser Beckoning         Tloc           34%        N/A       2%          2
 Leda's Liquefaction      Alch/Erth      19%        N/A       2%          4
 Martyr's Knell           Necr/Summ      51%        N/A       2%          4
 Petrify                  Alch/Erth      38%        N/A       2%          4
 Sculpt Simulacrum        Ice/Alch       27%        N/A       4%          6
 Metabolic Englaciation   Hex/Ice        18%        N/A       6%          5
 Death Channel            Necr           33%        N/A       9%          6
 Silence                  Hex/Air        14%        N/A       14%         5
 Manifold Assault         Tloc           17%        N/A       16%         4
 Ignition                 Fire           25%        3d9       54%         8
 Dispersal                Tloc           8%         N/A       91%         6
 Haunt                    Necr/Summ      25%        N/A       91%         7
 Infestation              Necr           33%        N/A       96%         8
 Disjunction              Tloc           8%         N/A       100%        8
 Swiftness                Air            Unusable   N/A       N/A         3
 Blink                    Tloc           Unusable   N/A       N/A         2

Dungeon Overview and Level Annotations

Branches:
Dungeon (11/15)            Temple (1/1) D:7            Lair (5/5) D:9
 Shoals (4/4) Lair:3       Spider (1/4) Lair:2        Slime (0/5) Lair:4
    Orc (2/2) D:11            Elf (0/3) Orc:2         Sewer (visited)
 Bailey (visited)         Volcano (visited)

Altars:
Ashenzari
Cheibriados
Dithmenos
Elyvilon
Fedhas
Gozag
Hepliaklqana
Kikubaaqudgha
Makhleb
Nemelex Xobeh
Okawaru
Qazlal
Ru
Sif Muna
Trog
Uskayaw
Vehumet
Wu Jian
Xom
Yredelemnul
Zin
The Shining One
Jiyva
Lugonu

Shops:
D:6 *   D:11 [   Orc:2 *[((   Shoals:2 [

Portals:
Abyss: Lair:5


Innate Abilities, Weirdness & Mutations

You cannot be hasted, slowed, berserked, paralysed or teleported.
You can dig through walls and to a lower floor.
You have a pair of large antennae on your head. (SInv)
Your four strong arms can wield two-handed weapons with a shield.


Message History

Casting: Vampiric Draining (safe; 1% risk of failure)
Confirm with . or Enter, or press ? or * to list all spells.
Aiming: Vampiric Draining (safe; 1% risk of failure)
Press: ? - help, Shift-Dir - straight line, f/p - sea snake
Aim: a sea snake (purple smoke, severely wounded, covered in liquid flames, slow)
You draw life force from the sea snake.
You feel life coursing into your body.
The sea snake burns!
The sea snake barely misses you.
Casting: Vampiric Draining (safe; 1% risk of failure)
Confirm with . or Enter, or press ? or * to list all spells.
Aiming: Vampiric Draining (safe; 1% risk of failure)
Press: ? - help, Shift-Dir - straight line, f/p - sea snake
Aim: a sea snake (purple smoke, almost dead, covered in liquid flames, slow)
You draw life force from the sea snake!
You kill the sea snake!
Vehumet accepts your kill.
You feel your power returning.
You feel life coursing into your body.
Press: ? - help, v - describe, . - travel, g - get item
Here: a satyr, wielding a +0 spear (purple smoke) Item here: a harpy corpse.
The floor.
You feel better.
The wall freezes the satyr!
The satyr hits you from afar with a +0 spear.
* * * LOW HITPOINT WARNING * * *
The frozen ramparts melt away as you move.
The satyr plays a frightful melody on its pipes!
The satyr radiates an aura of fear!
You are terrified of the satyr!
d - a staff of death (weapon)
The satyr unwields a +0 spear.
The satyr wields a +0 longbow.
The satyr shoots an arrow.
The arrow hits you!
* * * LOW HITPOINT WARNING * * *
Casting: Vampiric Draining (safe; 1% risk of failure)
Confirm with . or Enter, or press ? or * to list all spells.
Aiming: Vampiric Draining (safe; 1% risk of failure)
Press: ? - help, Shift-Dir - straight line, f - satyr
Aim: a satyr, wielding a +0 longbow (purple smoke, lightly wounded, inspiring fear)
You feel a surge of power!
You draw life force from the satyr!
You feel life coursing into your body.
The satyr shoots an arrow.
The arrow hits you!!
You die...

≈≈≈.#.## ≈≈##....
≈##~....~ #~..~...#H.
.#~)))# #....~..#.# .
#...).# .#....~..){# ,.~
#...).# #.#...~..##)# {~~{
##.^..##...#....
#..###..H#
#.##.......###'###§....H~#
...#...~....#§§8@c§...{~~#
).)..~.######§§§###.##..#
....#..#.~...§§§#~~.~#..#
....#..#.....§§.)~~)~~~~#
....#....~...§§°'.)~~~~.#{
....#.~#...~#8.8#?.~)#~~#~
...#...##..##...##..##.~H#
...#~...##...~.).).##
.~~.~
#.##.#..#.....))....#
#....


You could see a satyr (scary).

Vanquished Creatures
  Polyphemus (Shoals:2)
  A titan (Shoals:2)
  A sphinx (Shoals:4)
  2 krakens
  Kirke (Lair:4)
  Ilsuiw (Shoals:2)
  2 frost giants (Shoals:2)
  An orc warlord (Orc:1)
  Nessos (Lair:3)
  A minotaur (Shoals:4)
  4 merfolk javelineers
  Josephine (Lair:3)
  4 merfolk impalers
  Fannar (Lair:3)
  2 hydras (Lair:4)
  Harold (D:9)
  An ogre mage (Orc:2)
  2 merfolk avatars
  A catoblepas (Shoals:2)
  2 centaur warriors
  A boulder beetle (Lair:5)
  9 satyrs
  2 merfolk aquamancers
  6 death yaks
  2 two-headed ogres
  2 thrashing horrors (Lair:5)
  3 orc high priests (Orc:2)
  4 skysharks
  7 sea snakes
  An orb spider (Spider:1)
  2 steelbarb worms (Spider:1)
  17 harpies
  2 deep elf archers (Volcano)
  4 orc knights (Orc:2)
  9 deep elf pyromancers
  A large abomination (Lair:5)
  3 wolf spiders
  A lindwurm (Lair:1)
  2 oklob plants (Lair:4)
  29 fauns
  2 orc sorcerers (Orc:2)
  3 ugly things (Lair:5)
  5 cyclopes
  13 manticores
  21 elephants
  Maurice (D:11)
  12 merfolk sirens
  Joseph (D:8)
  3 kobold blastminers (Orc:2)
  5 black mambas
  2 torpor snails (Spider:1)
  2 gargoyles
  4 water nymphs
  3 smoke demons (Lair:5)
  12 cane toads
  Maggie (D:8)
  A rime drake (Lair:5)
  3 kobold demonologists (D:9)
  6 komodo dragons
  36 merfolk
  3 trolls
  A queen bee (Lair:1)
  4 tarantellas
  7 wind drakes
  5 polar bears
  3 hornets
  29 blink frogs
  14 dream sheep
  7 snapping turtles
  2 culicivoras
  2 raiju (Lair:5)
  7 jumping spiders
  12 water elementals
  2 spriggans (Lair:5)
  A spriggan (shapeshifter) (Lair:5)
  2 vampires
  7 wraiths
  2 ynoxinuls (Lair:5)
  5 fire elementals (Volcano)
  5 wargs (Orc:1)
  6 wyverns
  41 yaks
  7 fire bats (Lair:5)
  9 redbacks
  3 steam dragons
  A chaos spawn (Lair:5)
  9 basilisks
  4 hell hounds (Volcano)
  18 water moccasins
  26 orc warriors
  3 black bears
  An ice beast (D:5)
  11 small abominations (Lair:5)
  6 centaurs
  4 ogres
  35 wolves
  A phantom (D:4)
  2 brain worms (Sewer)
  2 kobold brigands
  11 bullfrogs
  2 scorpions (D:6)
  12 wights
  19 killer bees
  2 howler monkeys (D:10)
  A bombardier beetle (D:5)
  17 orc priests
  3 hounds
  A gnoll bouda (D:7)
  Crazy Yiuf (D:6)
  2 jellies
  A sleepcap (D:6)
  6 iguanas
  27 orc wizards
  9 gnolls
  14 adders
  4 river rats (Sewer)
  A white imp (D:8)
  A ribbon worm (D:3)
  5 dart slugs
  58 orcs
  8 ball pythons
  4 endoplasms
  4 giant cockroaches
  12 goblins
  9 hobgoblins
  3 quokkas
  9 bats
  9 frilled lizards
  22 kobolds
  15 rats
  3 tentacles (Shoals:1)
878 creatures vanquished.

Vanquished Creatures (others)
  2 harpies (Shoals:4)
  3 humans (Lair:4)
  An electric eel (Orc:1)
  14 tentacles
20 creatures vanquished.

Grand Total: 898 creatures vanquished

Notes
Turn   | Place    | Note
-------+----------+-------------------------------------------
     0 | D:1      | Esekla the Formicid Necromancer began the quest for the
                  | Orb.
     0 | D:1      | Reached XP level 1. HP: 13/13 MP: 3/3
    37 | D:1      | You fall into a shaft and drop 1 floor!
   241 | D:3      | Identified the +2 leather armour of the Hart {rF+ Str-3
                  | Stlth+}
   245 | D:3      | You fall into a shaft and drop 2 floors!
   245 | D:5      | Entered Level 5 of the Dungeon
   297 | D:4      | Found the +5 woodcutter's axe
   350 | D:5      | Found a basalt altar of Yredelemnul.
   355 | D:5      | Found a stormy altar of Qazlal.
   373 | D:5      | Noticed an ice beast
   441 | D:4      | Noticed a jelly
   446 | D:5      | Noticed a bombardier beetle
   446 | D:5      | Noticed a phantom
   451 | D:4      | Noticed a black bear
   466 | D:4      | Killed a phantom
   467 | D:4      | Reached skill level 1 in Fighting
   467 | D:4      | Reached skill level 1 in Polearms
   467 | D:4      | Reached skill level 1 in Armour
   467 | D:4      | Reached XP level 2. HP: 8/21 MP: 3/5
   467 | D:4      | Reached XP level 3. HP: 10/26 MP: 3/6
   467 | D:4      | Reached XP level 4. HP: 13/32 MP: 3/7
   475 | D:4      | Killed a black bear
   476 | D:4      | Reached skill level 5 in Necromancy
   476 | D:4      | Reached XP level 5. HP: 17/37 MP: 3/9
   551 | D:5      | Learned a level 3 spell: Vampiric Draining
   583 | D:5      | Found a glowing drain.
   589 | Sewer    | Entered a sewer
   600 | Sewer    | Reached XP level 6. HP: 38/43 MP: 10/10
   991 | Sewer    | Reached XP level 7. HP: 51/51 MP: 11/11
  1035 | Sewer    | Reached skill level 3 in Spellcasting
  1221 | D:6      | Found an opulent altar of Gozag.
  1307 | D:7      | Found a staircase to the Ecumenical Temple.
  1403 | D:7      | Noticed a steam dragon
  1509 | D:7      | Noticed a wyvern
  1549 | Temple   | Entered the Ecumenical Temple
  1556 | Temple   | Became a worshipper of Vehumet
  1997 | D:3      | Identified the +6 dagger of Jeidgharr {heavy, Dex+4}
  2364 | D:2      | Found a faded altar of an unknown god.
  2636 | D:1      | Reached * piety under Vehumet
  2636 | D:1      | Offered knowledge of Sting by Vehumet.
  4002 | D:4      | Reached XP level 8. HP: 43/60 MP: 8/12
  4128 | D:4      | Reached skill level 5 in Stealth
  4219 | D:4      | Reached ** piety under Vehumet
  4219 | D:4      | Offered knowledge of Scorch by Vehumet.
  4228 | D:4      | Learned a level 2 spell: Scorch
  4537 | D:5      | Reached skill level 1 in Axes
  4628 | D:5      | Found a blossoming altar of Fedhas.
  4633 | D:5      | Found a sparkling altar of Nemelex Xobeh.
  4635 | D:5      | Found a shadowy altar of Dithmenos.
  5369 | D:6      | Reached skill level 4 in Spellcasting
  5369 | D:6      | Reached skill level 1 in Fire Magic
  5651 | D:6      | Found a runed translucent door.
  5653 | D:6      | Noticed Crazy Yiuf
  5660 | D:6      | Killed Crazy Yiuf
  5798 | D:6      | Reached XP level 9. HP: 66/66 MP: 15/15
  5821 | D:6      | Found Bisonib's Assorted Antiques.
  5827 | D:6      | Bought a scroll labelled IJEPLA PUATE for 25 gold pieces
  5827 | D:6      | Bought a scroll labelled ZESHRIXT RARHI for 25 gold pieces
  5827 | D:6      | Bought a smoky silvery potion for 22 gold pieces
  5827 | D:6      | Bought a tiny fluorescent amulet for 125 gold pieces
  6729 | D:7      | Offered knowledge of Frozen Ramparts by Vehumet.
  6752 | D:6      | Learned a level 3 spell: Frozen Ramparts
  6928 | D:8      | Reached skill level 5 in Fighting
  7011 | D:7      | Reached skill level 5 in Spellcasting
  7260 | D:8      | Noticed Joseph
  7274 | D:8      | Killed Joseph
  7274 | D:8      | Reached *** piety under Vehumet
  7275 | D:8      | Reached skill level 1 in Throwing
  7275 | D:8      | Reached skill level 1 in Ice Magic
  7275 | D:8      | Reached XP level 10. HP: 40/76 MP: 1/18
  7720 | D:8      | Reached skill level 6 in Spellcasting
  7845 | D:8      | Noticed Maggie
  7915 | D:8      | Reached skill level 5 in Polearms
  8114 | D:8      | Offered knowledge of Sticky Flame by Vehumet.
  8134 | D:8      | Learned a level 4 spell: Sticky Flame
  8192 | D:8      | Killed Maggie
  8399 | D:8      | Upgraded the game from 0.31-a0-1612-g4aaf141004 to
                  | 0.31-a0-1616-gbeaec30b81
  8457 | D:9      | Noticed a kobold demonologist
  8540 | D:9      | Noticed a kobold demonologist
  8540 | D:9      | Noticed a kobold demonologist
  8583 | D:9      | Found a staircase to the Lair.
  8608 | D:8      | Reached skill level 1 in Alchemy
  8909 | D:9      | Reached skill level 5 in Armour
  9421 | D:9      | Killed a kobold demonologist
  9422 | D:9      | Reached skill level 7 in Spellcasting
  9424 | D:9      | Noticed Harold
  9425 | D:9      | Noticed an ice devil
  9426 | D:9      | Killed a kobold demonologist
  9427 | D:9      | Reached XP level 11. HP: 81/83 MP: 6/21
  9427 | D:9      | Noticed a soul eater
  9446 | D:9      | Killed Harold
  9447 | D:9      | Reached skill level 5 in Fire Magic
  9614 | Lair:1   | Entered Level 1 of the Lair of Beasts
  9674 | Lair:1   | Reached **** piety under Vehumet
  9789 | Lair:1   | Reached skill level 8 in Spellcasting
 10030 | Lair:1   | Offered knowledge of Dazzling Flash by Vehumet.
 10359 | Lair:1   | Reached skill level 1 in Short Blades
 10564 | Lair:1   | Reached XP level 12. HP: 84/91 MP: 24/24
 10701 | Lair:1   | Reached skill level 1 in Shields
 10728 | Lair:1   | Reached skill level 9 in Spellcasting
 11071 | Lair:2   | Found a hole to the Spider Nest.
 11094 | Lair:2   | Learned a level 4 spell: Ignite Poison
 11264 | Lair:2   | Reached skill level 5 in Alchemy
 11346 | Lair:2   | Found a radiant altar of Vehumet.
 11355 | Lair:2   | Noticed a death yak
 11355 | Lair:2   | Noticed a death yak
 11365 | Lair:2   | Killed a death yak
 11367 | Lair:2   | Noticed a death yak
 11374 | Lair:2   | Killed a death yak
 11380 | Lair:2   | Killed a death yak
 11584 | Lair:2   | Reached ***** piety under Vehumet
 11740 | Lair:2   | Offered knowledge of Freezing Cloud by Vehumet.
 11747 | Lair:2   | Reached skill level 10 in Spellcasting
 11756 | Lair:2   | Learned a level 5 spell: Freezing Cloud
 11838 | Lair:2   | Reached skill level 5 in Ice Magic
 11859 | Lair:2   | Identified a scroll of acquirement
 11878 | Lair:2   | Noticed a skyshark
 11942 | Lair:2   | Killed a skyshark
 12201 | D:10     | Entered Level 10 of the Dungeon
 12441 | D:10     | Reached skill level 1 in Conjurations
 12473 | D:10     | Reached XP level 13. HP: 94/99 MP: 22/27
 12647 | D:10     | Found a flagged portal.
 12671 | Bailey   | Entered a bailey
 12786 | Bailey   | Reached skill level 1 in Air Magic
 12858 | Bailey   | Identified the +1 chain mail "Hafref" {Rampage}
 12968 | D:10     | Identified the +3 sling "Xev Dej" {elec, Str+3}
 13218 | D:10     | Found an ornate altar of the Wu Jian Council.
 13636 | Lair:3   | Noticed Nessos
 13687 | Lair:3   | Learned a level 3 spell: Mephitic Cloud
 13744 | Lair:3   | Killed Nessos
 13746 | Lair:3   | Offered knowledge of Conjure Ball Lightning by Vehumet.
 13764 | Lair:3   | Noticed Fannar
 13765 | Lair:3   | Noticed Josephine
 13774 | Lair:3   | Reached skill level 11 in Spellcasting
 13779 | Lair:3   | Killed Fannar
 13788 | Lair:3   | Killed Josephine
 13871 | Lair:3   | Found a dark tunnel.
 13888 | Volcano  | Entered a volcano
 14281 | Volcano  | Reached XP level 14. HP: 108/108 MP: 21/29
 14501 | Lair:3   | Found a staircase to the Shoals.
 14589 | Lair:3   | Learned a level 4 spell: Dispel Undead
 15576 | Lair:4   | Reached skill level 12 in Spellcasting
 15643 | Lair:4   | Noticed Kirke
 15664 | Lair:4   | Killed Kirke
 15996 | Lair:4   | Found a staircase to the Slime Pits.
 15998 | Lair:4   | Found a viscous altar of Jiyva.
 16735 | Lair:5   | Entered Level 5 of the Lair of Beasts
 16913 | Lair:5   | Reached XP level 15. HP: 76/115 MP: 15/31
 17205 | Lair:5   | Reached skill level 13 in Spellcasting
 17343 | Lair:5   | Offered knowledge of Plasma Beam by Vehumet.
 17601 | Lair:5   | Reached skill level 10 in Fighting
 18593 | Lair:5   | Found a corrupted altar of Lugonu.
 18593 | Lair:5   | Found a one-way gate to the infinite horrors of the Abyss.
 18604 | Lair:5   | Identified the +1 ring mail "Ufrocel" {Stlth+}
 18965 | D:11     | Found a staircase to the Orcish Mines.
 19010 | D:11     | Found Zoantac's Armour Shoppe.
 19269 | D:11     | Reached skill level 10 in Polearms
 19620 | D:11     | Noticed Maurice
 19626 | D:11     | Maurice stole 708 gold
 19627 | D:11     | Killed Maurice
 19879 | Orc:1    | Entered Level 1 of the Orcish Mines
 20385 | Orc:1    | Offered knowledge of Yara's Violent Unravelling by Vehumet.
 20405 | Orc:1    | Reached skill level 5 in Air Magic
 20438 | Orc:1    | Noticed an orc warlord
 20463 | Orc:1    | Killed an orc warlord
 20648 | Orc:2    | Entered Level 2 of the Orcish Mines
 20885 | Orc:2    | Found a staircase to the Elven Halls.
 22105 | Orc:2    | Reached XP level 16. HP: 113/124 MP: 24/33
 22264 | Orc:2    | Found Laxujyamp's General Store.
 22264 | Orc:2    | Found Sucyimni's Armour Shop.
 22266 | Orc:2    | Found Gijein's Weapon Shop.
 22266 | Orc:2    | Found Tufasied's Weapon Emporium.
 22282 | Orc:2    | Bought a +0 pair of boots of flying for 161 gold pieces
 22467 | Spider:1 | Entered Level 1 of the Spider Nest
 22610 | Spider:1 | Reached skill level 5 in Conjurations
 22838 | Spider:1 | Reached skill level 14 in Spellcasting
 23329 | Shoals:1 | Entered Level 1 of the Shoals
 23348 | Lair:3   | Offered knowledge of Ozocubu's Refrigeration by Vehumet.
 23361 | Lair:3   | Learned a level 7 spell: Ozocubu's Refrigeration
 23427 | Shoals:1 | Reached ****** piety under Vehumet
 24181 | Shoals:1 | Noticed a kraken
 24480 | Shoals:1 | Killed a kraken
 25714 | Shoals:2 | Reached skill level 15 in Spellcasting
 25889 | Shoals:2 | Noticed Polyphemus
 25920 | Shoals:2 | Killed Polyphemus
 25920 | Shoals:2 | Offered knowledge of Bombard by Vehumet.
 26036 | Shoals:2 | Reached XP level 17. HP: 120/131 MP: 33/36
 26337 | Shoals:2 | Found Limotane's Armour Shoppe.
 26837 | Shoals:2 | Noticed a titan
 26997 | Shoals:2 | Killed a titan
 27556 | Orc:2    | Bought the +8 orange crystal plate armour {Archmagi, Int+3
                  | Clar} for 2023 gold pieces
 27556 | Orc:2    | Found the +8 orange crystal plate armour {Archmagi, Int+3
                  | Clar}
 27579 | Orc:2    | Upgraded the game from 0.31-a0-1616-gbeaec30b81 to
                  | 0.31-a0-1620-gcbf77bbcfc
 27969 | Shoals:3 | Noticed Ilsuiw
 28060 | Shoals:2 | Acquired 1281 gold pieces
 29669 | Shoals:3 | Reached skill level 16 in Spellcasting
 29671 | Shoals:3 | HP: 6/133 [faun/sling bullet (17)]
 29923 | Shoals:3 | Noticed a kraken
 29934 | Shoals:3 | Killed a kraken
 30290 | Shoals:2 | Killed Ilsuiw
 30338 | Shoals:4 | Entered Level 4 of the Shoals
 30530 | Shoals:4 | Offered knowledge of Eringya's Noxious Bog by Vehumet.
 30581 | Shoals:4 | Reached skill level 5 in Dodging
 30587 | Shoals:3 | Upgraded the game from 0.31-a0-1620-gcbf77bbcfc to
                  | 0.31-a0-1626-g5cb510d322
 30821 | Shoals:4 | Reached XP level 18. HP: 17/140 MP: 20/38
 30888 | Shoals:4 | Identified the +5 spear of Dishonesty {spect, ^Fragile rF+
                  | rCorr MP+9}
 31021 | Shoals:4 | Reached skill level 5 in Shields
 31078 | Shoals:4 | Got the Tome of the Bewitching Deep Freeze
 31181 | Shoals:4 | HP: 6/140 [minotaur/the +5 spear of Dishonesty {spect,
                  | ^Fragile rF+ rCorr MP+9} (27)]
 31186 | Shoals:4 | HP: 5/140 [faun/sling bullet (9)]
 31604 | Shoals:4 | Noticed a sphinx
 31620 | Shoals:4 | Killed a sphinx
 31621 | Shoals:4 | HP: 3/140 [sea snake (15)]
 31628 | Shoals:4 | Shot with an arrow by a satyr

Illustrated notes

Levels and vault maps discovered:
D:1:      ncdulo_smallfort, layout_loops_cross
D:2:      layout_loops_cross, ebering_ecumenical_altar_sacrificial
D:3:      minmay_skewed_foursquare, layout_basic, serial_bayou_pond_a
D:4:      layout_loops_ring
D:5:      layout_cave_pools, nicolae_overflow_hallway_of_the_gods,
          mainiacjoe_sewer_entry_somewhere_in_here_2
D:6:      layout_layer_cave, grunt_gozag_statues, serial_shops, shop,
          uniq_crazy_yiuf_cottage
D:7:      layout_rooms, minmay_temple_entry_overgrown
D:8:      layout_basic, uniq_joseph, uniq_maggie
D:9:      layout_rooms, erik_lair_orcish_takeover, uniq_harold
D:10:     nicolae_hitomezashi [nicolae_hito_row, nicolae_hito_row,
          nicolae_hito_row, nicolae_hito_row, nicolae_hito_row,
          nicolae_hito_row, nicolae_hito_row, nicolae_hito_row,
          nicolae_hito_row, nicolae_hito_row, nicolae_hito_row,
          nicolae_hito_row, nicolae_hito_row, nicolae_hito_row,
          nicolae_hito_row, nicolae_hito_row, nicolae_hito_row,
          nicolae_hito_row], layout_basic, nicolae_wu_jian_wuxing_cycle,
          enter_bailey_5
D:11:     layout_stronghold, orc_david_3, uniq_maurice
Temple:   eino_wide_crystal_templ
Lair:1:   layout_gridlike, special_room [special_room_bee]
Lair:2:   layout_small_grid, spider_nest_entry_a, basic_altar
Lair:3:   layout_regular_city, minmay_shoals_entry_centaurs,
          lightli_volcano_entry_magma_tube, uniq_fannar, uniq_nessos,
          uniq_josephine
Lair:4:   layout_roguey, minmay_slime_entry_oklob_open, grunt_megastairs_4,
          uniq_kirke
Lair:5:   hellmonk_lair_end_abyssal_woods, layout_loops_ring,
          grunt_forest_small_clearings, amcnicky_mini_pool_medium,
          grunt_megastairs_1, infiniplex_staircase_pool
Shoals:1: layout_shoals
Shoals:2: cheibrodos_shoals_gigantism, layout_shoals, serial_shops,
          nicolae_shop_mannequins, nicolae_shoals_nautilus_by_nature,
          uniq_polyphemus
Shoals:3: layout_shoals, uniq_ilsuiw
Shoals:4: shoals_end_hellmonk_lost_city
Spider:1: layout_spider_delve, gammafunk_ghost_grave
Orc:1:    layout_caves, nooodl_orcs_dogs
Orc:2:    grunt_orc_tribal_feast, layout_diamond_mine

Skill      XL: |  1  2  3  4  5  6  7  8  9 10 11 12 13 14 15 16 17 18 |
---------------+-------------------------------------------------------+-----
Fighting       | 1 2 3 4 5 6 7 8 9 10 11 12 | 12.0
Polearms       | 1 2 3 4 5 6 7 8 9 10 11 | 11.5
Armour         | 1 2 3 4 5 6 7 8 9 |  9.3
Dodging        | 2 3 4 5 |  5.0
Necromancy     | 5 6 7 8 |  8.2
Stealth        | 3 4 5 6 7 |  7.9
Spellcasting   | 3 4 5 7 8 10 11 12 13 15 16 | 16.6
Axes           | 1 2 |  2.1
Fire Magic     | 1 2 4 5 6 7 8 |  8.2
Throwing       | 1 2 3 |  3.1
Ice Magic      | 1 2 3 5 6 7 9 |  9.2
Alchemy        | 2 4 5 6 7 8 9 |  9.7
Short Blades   | 1 |  1.4
Shields        | 1 2 3 4 5 |  5.5
Conjurations   | 1 2 3 4 5 |  5.6
Air Magic      | 2 4 5 |  5.4
Long Blades    | |  0.3

Action                     |  1- 3 |  4- 6 |  7- 9 | 10-12 | 13-15 | 16-18 || total
---------------------------+-------+-------+-------+-------+-------+-------++-------
  Melee: Battleaxe         |    14 |    53 |   227 |    19 |       |       ||   313
         Unarmed           |     4 |       |       |       |       |       ||     4
         Long sword        |     2 |       |       |       |       |       ||     2
         Dagger            |       |       |    34 |    12 |    30 |    12 ||    88
         Punch             |       |       |     3 |     5 |     5 |     5 ||    18
         Lance             |       |       |       |   218 |   638 |   295 ||  1151
  Throw: Javelin           |       |       |    26 |     1 |       |       ||    27
         Dart              |       |       |       |    15 |    22 |    15 ||    52
         Boomerang         |       |       |       |     5 |   102 |    31 ||   138
   Cast: Vampiric Draining |       |       |    44 |    47 |    26 |    86 ||   203
         Scorch            |       |       |     5 |    55 |    17 |    16 ||    93
         Sticky Flame      |       |       |       |    45 |   138 |    87 ||   270
         Frozen Ramparts   |       |       |       |    30 |    70 |    37 ||   137
         Ignite Poison     |       |       |       |     1 |    14 |    15 ||    30
         Mephitic Cloud    |       |       |       |       |    29 |    32 ||    61
         Freezing Cloud    |       |       |       |       |    21 |    41 ||    62
         Ozocubu's Refrige |       |       |       |       |       |    38 ||    38
Ability: Shaft Self        |     2 |       |       |       |       |       ||     2
         Dig               |       |       |       |     1 |       |       ||     1
  Evoke: Wand              |       |       |       |       |       |     4 ||     4
    Use: Potion            |       |     2 |     1 |     3 |     4 |    14 ||    24
         Scroll            |       |       |     5 |     7 |     7 |    11 ||    30
   Stab: Sleeping          |       |     3 |    41 |    13 |    10 |     6 ||    73
         Distracted        |       |       |       |     1 |     2 |     1 ||     4
         Confused          |       |       |       |       |    16 |     4 ||    20
 Armour: Leather armour    |     6 |    21 |   170 |   260 |   375 |     8 ||   840
         Skin              |       |    21 |       |       |       |       ||    21
         Troll leather arm |       |       |       |       |     4 |   575 ||   579
         Crystal plate arm |       |       |       |       |       |    73 ||    73
  Dodge: Dodged            |    19 |    19 |   169 |   234 |   296 |   307 ||  1044
  Block: Other             |       |       |       |    72 |   117 |   111 ||   300
         Reflection        |       |       |       |       |     3 |    20 ||    23

Table legend: (Time is in decaauts)
 A = Elapsed time spent in this place.
 B = Non-inter-level travel time spent in this place.
 C = Inter-level travel time spent in this place.
 D = Time resting spent in this place.
 E = Time spent auto-exploring this place.
 F = Levels seen in this place.
 G = Mean time per level.
                   A        B        C        D        E       F      G
               +--------+--------+--------+--------+--------+-----+--------+
         Total |  31343 |  29786 |   1557 |   9233 |   5892 |  27 | 1160.9 |
       Dungeon |  11482 |  10896 |    586 |   1637 |   3179 |  11 | 1043.8 |
        Temple |     50 |     50 |      0 |     36 |      0 |   1 |   50.0 |
          Lair |   7936 |   7334 |    602 |   2913 |   1152 |   5 | 1587.2 |
        Shoals |   7500 |   7276 |    224 |   3286 |   1268 |   4 | 1875.0 |
   Spider Nest |    470 |    470 |      0 |    157 |      0 |   1 |  470.0 |
  Orcish Mines |   2538 |   2394 |    144 |    766 |    166 |   2 | 1269.0 |
         Sewer |    542 |    542 |      0 |    102 |    127 |   1 |  542.0 |
        Bailey |    269 |    269 |      0 |     14 |      0 |   1 |  269.0 |
       Volcano |    552 |    552 |      0 |    322 |      0 |   1 |  552.0 |
               +--------+--------+--------+--------+--------+-----+--------+

Top non-repeatable levels by time:
Shoals:2: 3341 daAuts
  Lair:5: 1938 daAuts
     D:8: 1775 daAuts
   Orc:2: 1738 daAuts
     D:6: 1652 daAuts
Shoals:1: 1606 daAuts
  Lair:2: 1575 daAuts
  Lair:1: 1553 daAuts
  Lair:4: 1472 daAuts
Shoals:3: 1452 daAuts
  Lair:3: 1397 daAuts
    D:10: 1264 daAuts
Shoals:4: 1099 daAuts
    D:11: 1041 daAuts
     D:3: 1019 daAuts
